EL
BILOXI SHUCKERS @ SAN ANTONIO MISSIONS
07/18/2048
 
TOP OF THE 1ST
Biloxi Shuckers batting - Pitching for San Antonio Missions : RHP Bill Jacobs
Pitching: RHP Bill Jacobs
Batting: LHB Pablo Cardona 0-0: Fly out, F9 (Flyball, 9, EV 96.2 MPH)
Batting: SHB Ramon Perez 0-0: Called Strike
0-1: Ball
1-1: Called Strike
1-2: Ball
2-2: Strikes out looking
Batting: SHB Orlando Torres 0-0: Ball
1-0: Foul Ball, location: 2F
1-1: Foul Ball, location: 2F
1-2: SINGLE (Groundball, 34D, EV 105.6 MPH)
Batting: LHB Rick Campbell 0-0: Called Strike
0-1: Ground out U3 (Groundball, 3, EV 87.5 MPH)
Top of the 1st over - 0 runs, 1 hit, 0 errors, 1 left on base; Biloxi 0 - San Antonio 0
BOTTOM OF THE 1ST
San Antonio Missions batting - Pitching for Biloxi Shuckers : RHP Brett Rosinsky
Pitching: RHP Brett Rosinsky
Batting: RHB Dave McBain 0-0: Called Strike
0-1: Ball
1-1: Ball
2-1: Swinging Strike
2-2: Fly out, F7 (Line Drive, 7S, EV 87.5 MPH)
Batting: RHB Freddie Brown 0-0: Foul Ball, location: 2F
0-1: Foul Ball, location: 2F
0-2: Foul Ball, location: 2F
0-2: Ground out 6-3 (Groundball, 6MS, EV 66.2 MPH)
Batting: LHB Matt Patnaude 0-0: Ground out 4-3 (Groundball, 4S, EV 81.9 MPH)
Bottom of the 1st over - 0 runs, 0 hits, 0 errors, 0 left on base; Biloxi 0 - San Antonio 0
TOP OF THE 2ND
Biloxi Shuckers batting - Pitching for San Antonio Missions : RHP Bill Jacobs
Batting: RHB Ben Taylor 0-0: Ball
1-0: SINGLE (Groundball, 34S, EV 68.8 MPH) (infield hit)
Batting: SHB Mike Williams 0-0: Ball
1-0: Called Strike
1-1: Grounds into double play, 4-6-3 (Groundball, 4, EV 108.8 MPH)
Batting: RHB Steve Byerly 0-0: Called Strike
0-1: Swinging Strike
0-2: Ground out 3-1 (Groundball, 34, EV 90.0 MPH)
Top of the 2nd over - 0 runs, 1 hit, 0 errors, 0 left on base; Biloxi 0 - San Antonio 0
BOTTOM OF THE 2ND
San Antonio Missions batting - Pitching for Biloxi Shuckers : RHP Brett Rosinsky
Batting: RHB John Freeman 0-0: Ball
1-0: Called Strike
1-1: Called Strike
1-2: Strikes out looking
Batting: RHB Joe Weissman 0-0: Ball
1-0: Swinging Strike
1-1: Swinging Strike
1-2: Ball
2-2: Ground out 5-3 (Groundball, 56, EV 95.0 MPH)
Batting: RHB Adrian Martinelli 0-0: Called Strike
0-1: Foul Ball, location: 2F
0-2: Ball
1-2: Strikes out swinging
Bottom of the 2nd over - 0 runs, 0 hits, 0 errors, 0 left on base; Biloxi 0 - San Antonio 0
TOP OF THE 3RD
Biloxi Shuckers batting - Pitching for San Antonio Missions : RHP Bill Jacobs
Batting: RHB Hector Silva 0-0: Ball
1-0: Ball
2-0: Ball
3-0: Called Strike
3-1: Base on Balls
Batting: RHB Brian Landrum 0-0: Ball
Hector Silva steals 2nd base
1-0: Ball
2-0: SINGLE (Groundball, 34S, EV 85.6 MPH) (infield hit)
Hector Silva to third
Batting: LHB Pablo Cardona 0-0: Called Strike
Brian Landrum steals 2nd base
0-1: Swinging Strike
0-2: Strikes out swinging
Batting: SHB Ramon Perez 0-0: Fly out, F8 (Flyball, 8LD, EV 103.8 MPH)
Runner from 3rd tags up, SCORES, throw by CF
Batting: SHB Orlando Torres 0-0: Ball
1-0: Swinging Strike
1-1: Foul Ball, location: 2F
1-2: Strikes out swinging
Top of the 3rd over - 1 run, 1 hit, 0 errors, 1 left on base; Biloxi 1 - San Antonio 0
BOTTOM OF THE 3RD
San Antonio Missions batting - Pitching for Biloxi Shuckers : RHP Brett Rosinsky
Batting: RHB David Aguilar 0-0: Ball
1-0: Ball
2-0: SINGLE (Line Drive, 4M, EV 95.6 MPH)
Batting: LHB Josh Slusarczyk 0-0: Ball
1-0: SINGLE (Groundball, 13, EV 83.8 MPH) (infield hit)
David Aguilar to second
Batting: RHB Roberto Monzon 0-0: Fielders Choice at 2nd, 1-4 (Groundball, 15S, EV 73.1 MPH)
David Aguilar to third
Batting: RHB Dave McBain 0-0: Called Strike
Roberto Monzon steals 2nd base
0-1: Ball
1-1: Ball
2-1: Called Strike
2-2: Ball
3-2: Foul Ball, location: 2F
3-2: Foul Ball, location: 2F
3-2: Foul Ball, location: 2F
3-2: Foul Ball, location: 2F
3-2: Strikes out swinging
Batting: RHB Freddie Brown 0-0: Ball
1-0: Ball
2-0: Foul Ball, location: 2F
2-1: Foul Ball, location: 2F
2-2: SINGLE (Line Drive, 78M, EV 85.6 MPH)
David Aguilar scores
Roberto Monzon to third
Runner from 3rd tries for Home, SAFE, throw by LF to home
Batting: LHB Matt Patnaude 0-0: Called Strike
0-1: Foul Ball, location: 2F
0-2: Ball
Freddie Brown steals 2nd base
1-2: Foul Ball, location: 2F
1-2: Ball
2-2: Ball
3-2: Foul Ball, location: 2F
3-2: Foul Ball, location: 2F
3-2: Fly out, F8 (Flyball, 89D, EV 76.9 MPH)
Bottom of the 3rd over - 2 runs, 3 hits, 0 errors, 1 left on base; Biloxi 1 - San Antonio 2
TOP OF THE 4TH
Biloxi Shuckers batting - Pitching for San Antonio Missions : RHP Bill Jacobs
Batting: LHB Rick Campbell 0-0: Fly out, F8 (Flyball, 89D, EV 91.2 MPH)
Batting: RHB Ben Taylor 0-0: Called Strike
0-1: Swinging Strike
0-2: Ball
1-2: Ball
2-2: Ground out 5-3 (Groundball, 5L, EV 81.9 MPH)
Batting: SHB Mike Williams 0-0: Ground out 4-3 (Groundball, 4, EV 86.2 MPH)
Top of the 4th over - 0 runs, 0 hits, 0 errors, 0 left on base; Biloxi 1 - San Antonio 2
BOTTOM OF THE 4TH
San Antonio Missions batting - Pitching for Biloxi Shuckers : RHP Brett Rosinsky
Batting: RHB John Freeman 0-0: Ground out 4-3 (Groundball, 4S, EV 88.1 MPH)
Batting: RHB Joe Weissman 0-0: Foul Ball, location: 2F
0-1: Ball
1-1: Ball
2-1: Foul Ball, location: 2F
2-2: SINGLE (Line Drive, 89S, EV 95.0 MPH)
Batting: RHB Adrian Martinelli 0-0: Called Strike
0-1: Fly out, F5 (Line Drive, 5L, EV 64.4 MPH)
Batting: RHB David Aguilar 0-0: Foul Ball, location: 2F
0-1: Ball
1-1: Swinging Strike
1-2: Single, Error in OF, E8, batter to second base (Line Drive, 6M, EV 100.0 MPH)
Joe Weissman to third
Batting: LHB Josh Slusarczyk 0-0: Ground out U3 (Groundball, 3, EV 90.0 MPH)
Bottom of the 4th over - 0 runs, 2 hits, 1 error, 2 left on base; Biloxi 1 - San Antonio 2
TOP OF THE 5TH
Biloxi Shuckers batting - Pitching for San Antonio Missions : RHP Bill Jacobs
Batting: RHB Steve Byerly 0-0: Called Strike
0-1: Ball
1-1: Ball
2-1: Ground out 4-3 (Groundball, 4, EV 98.8 MPH)
Batting: RHB Hector Silva 0-0: Called Strike
0-1: Called Strike
0-2: Fly out, F8 (Flyball, 8LM, EV 73.8 MPH)
Batting: RHB Brian Landrum 0-0: Ball
1-0: Ball
2-0: Foul Ball, location: 2F
2-1: Swinging Strike
2-2: Ball
3-2: Base on Balls
Batting: LHB Pablo Cardona 0-0: Ball
Brian Landrum is caught stealing 2nd base 2-6
Top of the 5th over - 0 runs, 0 hits, 0 errors, 0 left on base; Biloxi 1 - San Antonio 2
BOTTOM OF THE 5TH
San Antonio Missions batting - Pitching for Biloxi Shuckers : RHP Brett Rosinsky
Batting: RHB Roberto Monzon 0-0: Fly out, F7 (Flyball, 78S, EV 86.2 MPH)
Batting: RHB Dave McBain 0-0: Called Strike
0-1: Fly out, F4 (Line Drive, 4MD, EV 71.9 MPH)
Batting: RHB Freddie Brown 0-0: Ball
1-0: Ground out U3 (Groundball, 3, EV 100.6 MPH)
Bottom of the 5th over - 0 runs, 0 hits, 0 errors, 0 left on base; Biloxi 1 - San Antonio 2
TOP OF THE 6TH
Biloxi Shuckers batting - Pitching for San Antonio Missions : RHP Bill Jacobs
Batting: LHB Pablo Cardona 0-0: Foul Ball, location: 2F
0-1: Ball
1-1: SINGLE (Groundball, 25, EV 71.2 MPH) (infield hit)
Batting: SHB Ramon Perez 0-0: Fly out, F2 (Popup, 2RF, EV 83.8 MPH)
Batting: SHB Orlando Torres 0-0: Ball
Pablo Cardona steals 2nd base
1-0: Ball
2-0: Ground out 5-3 (Groundball, 56, EV 79.4 MPH)
Batting: LHB Rick Campbell 0-0: Called Strike
0-1: Foul Ball, location: 2F
0-2: Ball
1-2: Foul Ball, location: 2F
1-2: Strikes out swinging
Top of the 6th over - 0 runs, 1 hit, 0 errors, 1 left on base; Biloxi 1 - San Antonio 2
BOTTOM OF THE 6TH
San Antonio Missions batting - Pitching for Biloxi Shuckers : RHP Brett Rosinsky
Batting: LHB Matt Patnaude 0-0: Ball
1-0: Swinging Strike
1-1: Foul Ball, location: 2F
1-2: Ground out 4-3 (Groundball, 34, EV 80.6 MPH)
Batting: RHB John Freeman 0-0: Foul Ball, location: 2F
0-1: Ball
1-1: Swinging Strike
1-2: Ball
2-2: Ball
3-2: Ground out 5-3 (Groundball, 56S, EV 79.4 MPH)
Batting: RHB Joe Weissman 0-0: Ball
1-0: Ball
2-0: Ball
3-0: Base on Balls
Batting: RHB Adrian Martinelli 0-0: Called Strike
0-1: Ball
1-1: 2-RUN HOME RUN (Flyball, 89XD, EV 99.4 MPH), Distance : 404 ft
Batting: RHB David Aguilar 0-0: Fly out, F9 (Line Drive, 89M, EV 91.2 MPH)
Bottom of the 6th over - 2 runs, 1 hit, 0 errors, 0 left on base; Biloxi 1 - San Antonio 4
TOP OF THE 7TH
Biloxi Shuckers batting - Pitching for San Antonio Missions : RHP Bill Jacobs
Batting: RHB Ben Taylor 0-0: Ground out U3 (Groundball, 34, EV 94.4 MPH)
Batting: SHB Mike Williams 0-0: Ball
1-0: Ground out 5-3 (Groundball, 56, EV 100.0 MPH)
Batting: RHB Steve Byerly 0-0: Foul Ball, location: 2F
0-1: Foul Ball, location: 2F
0-2: Ball
1-2: SINGLE (Groundball, 6M, EV 81.9 MPH) (infield hit)
Batting: RHB Hector Silva 0-0: Ball
1-0: SINGLE (Flyball, 8RS, EV 93.1 MPH)
Steve Byerly to second
Batting: RHB Brian Landrum 0-0: Ball
1-0: Fly out, F8 (Flyball, 8LM, EV 78.8 MPH)
Top of the 7th over - 0 runs, 2 hits, 0 errors, 2 left on base; Biloxi 1 - San Antonio 4
BOTTOM OF THE 7TH
San Antonio Missions batting - Pitching for Biloxi Shuckers : RHP Brett Rosinsky
Batting: LHB Josh Slusarczyk 0-0: Ball
1-0: SOLO HOME RUN (Flyball, 8LXD, EV 109.4 MPH), Distance : 423 ft
Pitching: RHP Jon Warren
Batting: RHB Roberto Monzon 0-0: Ball
1-0: Ball
2-0: Called Strike
2-1: Ground out 5-3 (Groundball, 56, EV 107.5 MPH)
Batting: RHB Dave McBain 0-0: Ball
1-0: Called Strike
1-1: Ball
2-1: Ball
3-1: Foul Ball, location: 2F
3-2: Base on Balls
Batting: RHB Freddie Brown 0-0: Ball
Dave McBain steals 2nd base
1-0: Ball
2-0: Called Strike
2-1: Ball
3-1: Called Strike
3-2: Base on Balls
Batting: LHB Matt Patnaude 0-0: Called Strike
0-1: SINGLE (Groundball, 34D, EV 103.8 MPH)
Dave McBain to third
Freddie Brown to second
Runner from 3rd tries for Home, SAFE, throw by RF to home
Batting: RHB John Freeman 0-0: Ball
1-0: Called Strike
1-1: Called Strike
1-2: Foul Ball, location: 2F
1-2: Ball
2-2: Grounds into double play, 5-4-3 (Groundball, 5, EV 99.4 MPH)
Bottom of the 7th over - 2 runs, 2 hits, 0 errors, 1 left on base; Biloxi 1 - San Antonio 6
TOP OF THE 8TH
Biloxi Shuckers batting - Pitching for San Antonio Missions : RHP Bill Jacobs
Batting: LHB Pablo Cardona 0-0: Called Strike
0-1: Swinging Strike
0-2: Ball
1-2: Ball
2-2: Ball
3-2: Fly out, F9 (Flyball, 9, EV 91.9 MPH)
Batting: SHB Ramon Perez 0-0: Ball
1-0: Called Strike
1-1: Called Strike
1-2: Ball
2-2: Ball
3-2: Base on Balls
Batting: SHB Orlando Torres 0-0: Ball
1-0: Ball
2-0: Called Strike
2-1: Ball
3-1: Swinging Strike
3-2: Foul Ball, location: 2F
3-2: Fly out, F7 (Flyball, 7, EV 86.9 MPH)
Pitching: RHP Chad Norris
Batting: LHB Rick Campbell 0-0: Ball
1-0: Called Strike
1-1: Fly out, F7 (Line Drive, 7S, EV 91.9 MPH)
Top of the 8th over - 0 runs, 0 hits, 0 errors, 1 left on base; Biloxi 1 - San Antonio 6
BOTTOM OF THE 8TH
San Antonio Missions batting - Pitching for Biloxi Shuckers : RHP Jon Warren
Batting: RHB Joe Weissman 0-0: Ball
1-0: Ball
2-0: Ground out U3 (Groundball, 34, EV 79.4 MPH)
Batting: RHB Adrian Martinelli 0-0: Ball
1-0: Called Strike
1-1: Ball
2-1: Swinging Strike
2-2: Foul Ball, location: 2F
2-2: Strikes out looking
Batting: RHB David Aguilar 0-0: Ball
1-0: Ball
2-0: Ball
3-0: Swinging Strike
3-1: Foul Ball, location: 2F
3-2: Strikes out swinging
Bottom of the 8th over - 0 runs, 0 hits, 0 errors, 0 left on base; Biloxi 1 - San Antonio 6
TOP OF THE 9TH
Biloxi Shuckers batting - Pitching for San Antonio Missions : RHP Chad Norris
Batting: RHB Ben Taylor 0-0: Fly out, F6 (Popup, 4MD, EV 52.5 MPH)
Batting: SHB Mike Williams 0-0: SINGLE (Groundball, 6S, EV 70.0 MPH) (infield hit)
Batting: RHB Steve Byerly Balk!
Mike Williams to second
0-0: SINGLE (Flyball, 89S, EV 91.9 MPH)
Mike Williams to third
Batting: RHB Hector Silva 0-0: Ball
1-0: Grounds into double play, 4-6-3 (Groundball, 34S, EV 89.4 MPH)
Top of the 9th over - 0 runs, 2 hits, 0 errors, 1 left on base; Biloxi 1 - San Antonio 6
Tuesday, March 28th , 2023 - OOTP Baseball 23.10 Build 110